 Dungeon Crawl Stone Soup version 0.19.0-2-gae57169 (webtiles) character file.

1158 Patchouli the Cudgeler (level 8, -3/76 HPs)
             Began as a Gargoyle Fighter on Nov 4, 2016.
             Was a Believer of Okawaru.
             Slain by an orc warrior
             ... wielding a +0 trident
              (10 damage)
             ... on level 6 of the Dungeon.
             The game lasted 00:10:17 (1668 turns).

Patchouli the Cudgeler (Gargoyle Fighter)           Turns: 1668, Time: 00:10:18

Health: -3/76      AC: 13    Str: 37    XL:     8   Next: 39%
Magic:  6/8        EV:  8    Int:  8    God:    Okawaru [**....]
Gold:   89         SH: 11    Dex:  7    Spells: 0 memorised, 7 levels left

rFire  + . .     SeeInvis .     p - +9 mace of Otacroq {freeze, rF+ Str+9 Dex-2}
rCold  . . .     Gourm    .     b - +0 scale mail
rNeg   + . .     Faith    .     c - +0 shield
rPois  ∞         Spirit   .     (no helmet)
rElec  +         Reflect  .     (no cloak)
rCorr  +         Harm     .     (no gloves)
MR     .....                    m - +0 pair of boots
Stlth  ..........               (no amulet)
                                (no ring)
                                u - ring of resist corrosion

@: mighty, berserking (expiring), very quick
A: negative energy resistance 1, electricity resistance, unbreathing,
petrification resistance, rot immunity, AC +5
a: Heroism, Renounce Religion


You were on level 6 of the Dungeon.
You worshipped Okawaru.
Okawaru was pleased with you.
You were not hungry.

You visited 2 branches of the dungeon, and saw 8 of its levels.

You collected 89 gold pieces.

Inventory:

Hand Weapons
 a - a +0 flail
 p - the +9 mace of Otacroq (weapon) {freeze, rF+ Str+9 Dex-2}
   (You found it on level 5 of the Dungeon)

   It has been specially enchanted to freeze those struck by it, causing extra
   injury to most foes and up to half again as much damage against particularly
   susceptible opponents.
   It can also slow down cold-blooded creatures.
   It affects your strength (+9).
   It affects your dexterity (-2).
   It protects you from fire.
Armour
 b - a +0 scale mail (worn)
 c - a +0 shield (worn)
 m - a +0 pair of boots (worn)
Jewellery
 l - an uncursed ring of ice
 u - a ring of resist corrosion (left hand)
Wands
 o - a wand of paralysis (9/24)
Scrolls
 h - a scroll of noise {unknown}
 i - a scroll of enchant weapon {unknown}
 k - 3 scrolls of magic mapping {unknown}
 s - a scroll of identify
 t - a scroll of teleportation {unknown}
Potions
 g - a potion of brilliance
 n - a potion of heal wounds {unknown}
 v - a potion of flight {unknown}
Books
 q - a book of Air

   Spells                             Type                      Level
   a - Shock                          Conjuration/Air              1
   b - Swiftness                      Charms/Air                   2
   c - Repel Missiles                 Charms/Air                   2
   d - Static Discharge               Conjuration/Air              3
   e - Lightning Bolt                 Conjuration/Air              5
Comestibles
 f - 2 bread rations
 j - a meat ration
 r - 2 chunks of flesh


   Skills:
 + Level 5.9 Fighting
 * Level 6.4 Maces & Flails
 + Level 5.5 Armour
 + Level 5.8 Shields


You had 7 spell levels left.
You didn't know any spells.

Dungeon Overview and Level Annotations

Branches:
Dungeon (7/15)             Temple (1/1) D:4

Altars:
Cheibriados
Dithmenos
Fedhas
Hepliaklqana
Kikubaaqudgha
Nemelex Xobeh
Okawaru
Qazlal
Ru
Sif Muna
Trog
Uskayaw
Yredelemnul
Zin
The Shining One


Innate Abilities, Weirdness & Mutations

You are resistant to torment.
Your stone body is resilient. (AC +5)
You are immune to poison.
You resist negative energy. (rN+)
You are resistant to electric shocks. (rElec)
You can survive without breathing.
You are immune to petrification.
You are immune to rotting.


Message History

You have reached level 8!
You feel stronger.
With Pikel's spell broken, the former slave thanks you for its freedom.
The jackal skeleton barely misses you.
Something hits the orc warrior.
The freed slave hits the orc but does no damage.
The leopard gecko misses the freed slave.
The jackal skeleton closely misses you.
Something hits the orc warrior but does no damage.
The leopard gecko bites something but does no damage.
You barely miss the jackal skeleton.
The jackal skeleton bites you but does no damage.
The leopard gecko closely misses something.
Something hits the leopard gecko!
The leopard gecko dies!
You sock the orc! You freeze the orc.
You kill the orc!
Okawaru accepts your kill.
The jackal skeleton bites you but does no damage.
The orc warrior hits you from afar with a trident!
You die...

#.# #.# #.# #.#
#### #.#
#..P.#####[######
#PP....@##.p....#.#
#P..P.#Z)os>†......
#.P.P #########.#.#
.#.# #


You could see an orc warrior, a scorpion and a jackal skeleton.

Vanquished Creatures
  Pikel (D:6)
  Sigmund (D:2)
  2 slaves (D:6)
  2 bullfrogs (D:7)
  A scorpion (D:4)
  A bullfrog zombie (D:5)
  3 orc wizards
  2 centaur skeletons
  2 iguanas (D:4)
  Ijyb (D:1)
  A worker ant zombie (D:6)
  5 adders
  A worm (D:2)
  A dart slug (D:2)
  A leopard gecko (D:5)
  5 orcs
  4 bats
  4 giant cockroaches
  A hobgoblin (D:2)
  3 quokkas
  2 ball pythons
  A ball python skeleton (D:4)
  6 frilled lizards
  4 goblins
  5 kobolds
  4 rats
64 creatures vanquished.

Vanquished Creatures (others)
  A leopard gecko (D:6)
1 creature vanquished.

Grand Total: 65 creatures vanquished

Notes
Turn   | Place    | Note
-------+----------+-------------------------------------------
     0 | D:1      | Patchouli the Gargoyle Fighter began the quest for the Orb.
     0 | D:1      | Reached XP level 1. HP: 14/14 MP: 1/1
   224 | D:1      | Reached XP level 2. HP: 16/19 MP: 2/2
   443 | D:2      | Noticed Ijyb
   443 | D:2      | Noticed Sigmund
   478 | D:1      | Killed Ijyb
   478 | D:1      | Reached XP level 3. HP: 9/24 MP: 3/3
   570 | D:2      | Reached skill level 3 in Maces & Flails
   581 | D:2      | Found a sacrificial altar of Ru.
   622 | D:2      | Reached XP level 4. HP: 23/29 MP: 4/4
   671 | D:3      | Found a sparkling altar of Nemelex Xobeh.
   797 | D:4      | Reached XP level 5. HP: 16/33 MP: 5/5
   891 | D:4      | Found a staircase to the Ecumenical Temple.
   905 | Temple   | Entered the Ecumenical Temple
   953 | Temple   | Became a worshipper of Warmaster Okawaru
  1063 | D:4      | Reached skill level 4 in Maces & Flails
  1092 | D:5      | Entered Level 5 of the Dungeon
  1134 | D:4      | Reached XP level 6. HP: 30/39 MP: 6/6
  1166 | D:5      | Got a crystal mace
  1167 | D:5      | Identified the +9 mace of Otacroq {freeze, rF+ Str+9 Dex-2} (You found it on level 5 of the Dungeon)
  1430 | D:2      | Killed Sigmund
  1430 | D:2      | Reached * piety under Okawaru
  1430 | D:2      | Reached XP level 7. HP: 44/44 MP: 7/7
  1459 | D:2      | Reached skill level 5 in Shields
  1584 | D:5      | You fall through a shaft for 2 floors!
  1615 | D:7      | Reached skill level 5 in Fighting
  1615 | D:7      | Reached skill level 5 in Maces & Flails
  1635 | D:7      | Reached skill level 5 in Armour
  1642 | D:6      | Noticed Pikel
  1665 | D:6      | Killed Pikel
  1665 | D:6      | Reached ** piety under Okawaru
  1665 | D:6      | Reached skill level 6 in Maces & Flails
  1665 | D:6      | Reached XP level 8. HP: 6/51 MP: 6/8
  1668 | D:6      | Slain by an orc warrior

Skill      XL: |  1  2  3  4  5  6  7 |
---------------+----------------------+-----
Maces & Flails | 3 4 6 |  6.4
Fighting       | 4 5 |  5.9
Shields        | 4 5 |  5.8
Armour         | 4 5 |  5.5

Action                   |  1- 3 |  4- 6 |  7- 9 || total
-------------------------+-------+-------+-------++-------
Melee: Flail             |   119 |    72 |       ||   191
       Mace              |       |    30 |    38 ||    68
Invok: Heroism           |       |       |     1 ||     1
  Use: Scroll            |       |     1 |       ||     1
       Potion            |       |       |     2 ||     2
  Eat: Chunk             |       |     2 |     1 ||     3
Armor: Scale mail        |    46 |    37 |    18 ||   101
Dodge: Dodged            |    33 |    34 |    17 ||    84
Block: Shield            |    53 |    46 |    35 ||   134
